 Dungeon Crawl Stone Soup version 0.32-a0-876-gcfddb08e57 (webtiles) character file.

Game seed: 13930895134778954096

86 garrulousMonolith the Trooper (level 4, -7/35 HPs)
             Began as a Demonspawn Fighter on Mar 31, 2024.
             Mangled by Crazy Yiuf
             ... wielding a +4 quarterstaff of chaos
              (14 damage)
             ... on level 2 of the Dungeon.
             The game lasted 00:02:22 (1972 turns).

garrulousMonolith the Trooper (Demonspawn Fighter)  Turns: 1972, Time: 00:02:22

Health: -7/35      AC:  6    Str: 19    XL:     4   Next: 27%
Magic:  5/5        EV:  8    Int:  8    God:
Gold:   84         SH:  4    Dex: 12    Spells: 3/3 levels left

rFire   . . .        a - +0 long sword
rCold   . . .        c - +0 buckler
rNeg    . . .        b - +0 scale mail
rPois   .            (no helmet)
rElec   .            (no cloak)
rCorr   .            (no gloves)
SInv    .            (no boots)
Will    .....        (no amulet) Stlth
                     (no ring)
HPRegen 0.25/turn    (no ring)
MPRegen 0.18/turn

%: no passive effects
@: lethally poisoned (-7 -> -13)
A: foul stench 1, magic regeneration, weakness stinger 1
a: no special abilities


You were on level 2 of the Dungeon.
You visited 1 branch of the dungeon, and saw 2 of its levels.

You collected 84 gold pieces.

Inventory:

Hand Weapons
 a - a +0 long sword (weapon)
 n - the +5 dagger of the Shining Light {holy, Int+3}
   (You found it on level 2 of the Dungeon)

   Int+3:     It affects your intelligence (+3).
Missiles
 j - 2 poisoned darts (quivered)
Armour
 b - a +0 scale mail (worn)
 c - a +0 buckler (worn)
 i - the orb "Usoah" {*Rage, Rampage}
   (You found it on level 2 of the Dungeon)

   Rampage:   It bestows one free step when moving towards enemies.
Scrolls
 g - a scroll of poison {unknown}
 h - 3 scrolls of identify {unknown}
 k - a scroll of fear {unknown}
 o - a scroll of torment {unknown}
Potions
 d - a potion of might
 e - a potion of brilliance {unknown}
 f - 2 potions of berserk rage {unknown}
 l - a potion of curing {unknown}
 m - a potion of haste {unknown}
 p - a potion of heal wounds {unknown}


   Skills:
 + Level 3.4 Fighting
 * Level 2.6 Long Blades
 + Level 3.1 Armour
 + Level 1.2 Dodging
 + Level 3.0 Shields
 + Level 1.6 Invocations


You had 3 spell levels left.
You didn't know any spells.
Your spell library was empty.

Dungeon Overview and Level Annotations

Branches:
Dungeon (2/15)

Altars:

Annotations:
D:2 Crazy Yiuf


Innate Abilities, Weirdness & Mutations

You may rarely emit foul miasma when damaged in melee.
You regenerate magic rapidly.
You have a small tail.


Message History

The kobold hits you but does no damage.
You hit the kobold but do no damage.
The kobold is heavily wounded.
You block the kobold's attack.
You barely miss the kobold. You tail-slap the kobold.
You kill the kobold!
No target in view!
No target in view!
No target in view!
No target in view!
No target in view!
There is a stone staircase leading down here.
There is a stone staircase leading down here.
You see here a +0 dagger.
You see here a +0 dagger.
There is a stone staircase leading down here.
There is a stone staircase leading down here.
You see here a +0 dagger.
Crazy Yiuf shouts!
Crazy Yiuf cries, "Proton snockshim bush!"
Could not explore, unopened runed door.
Could not explore, unopened runed door.
You open the door. You barely miss Crazy Yiuf.
Crazy Yiuf hits you with a +4 quarterstaff of chaos.
You are poisoned.
Crazy Yiuf whimpers, "Walk!"
Crazy Yiuf hits you with a +4 quarterstaff of chaos.
You closely miss Crazy Yiuf.
You feel very sick.
Crazy Yiuf hits you with a +4 quarterstaff of chaos!
* * * LOW HITPOINT WARNING * * *
You emit a cloud of foul miasma!
You hit Crazy Yiuf.
Crazy Yiuf is moderately wounded.
* * * LOW HITPOINT WARNING * * *
You feel very sick.
Crazy Yiuf is engulfed in dark miasma.
Crazy Yiuf is poisoned.
Crazy Yiuf hits you with a +4 quarterstaff of chaos!
You die...

#........###....####.#
#....# ##.......#
##..## #.####....#
#.......# #....#
#.........# #.......#
#...## #.........#
##.......# ##.##
#.........##
##........# #.##
#...........
#.........# ##.#
#...........
##.#.......# #.##
#...........
#..#.......# ##@#
#########...
..########## #g#
######### ### ...
#......# # #...#
#......# # #..)#
#......## # #####
####(....... #
#........... # #####
##########..... #
########.#.# ###.###
#.....


You could see Crazy Yiuf (poisoned).

Vanquished Creatures
  2 adders
  2 ribbon worms (D:2)
  7 bats
  3 endoplasms
  3 giant cockroaches
  5 hobgoblins
  13 jackals
  5 kobolds
  A quokka (D:1)
  5 ball pythons
  3 frilled lizards (D:1)
  2 goblins (D:1)
  5 rats
56 creatures vanquished.

Notes
Turn   | Place    | Note
-------+----------+-------------------------------------------
     0 | D:1      | garrulousMonolith the Demonspawn Fighter began the quest
                  | for the Orb.
     0 | D:1      | Reached XP level 1. HP: 18/18 MP: 1/1
   168 | D:1      | Gained mutation: You may rarely emit foul miasma when
                  | damaged in melee. [demonic ancestry]
   168 | D:1      | Reached XP level 2. HP: 11/24 MP: 2/2
   339 | D:1      | Reached skill level 1 in Invocations
   458 | D:1      | Gained mutation: You regenerate magic rapidly. [demonic
                  | ancestry]
   458 | D:1      | Reached XP level 3. HP: 29/29 MP: 3/3
  1004 | D:2      | Identified the orb "Usoah" {*Rage, Rampage}
  1024 | D:2      | Reached skill level 1 in Dodging
  1104 | D:2      | Gained mutation: You have a small tail. [demonic ancestry]
  1104 | D:2      | Reached XP level 4. HP: 35/35 MP: 5/5
  1434 | D:2      | Identified the +5 dagger of the Shining Light {holy, Int+3}
  1725 | D:2      | Found a runed translucent door.
  1726 | D:2      | Noticed Crazy Yiuf
  1972 | D:2      | Mangled by Crazy Yiuf

Illustrated notes

Levels and vault maps discovered:
D:1:      tarquinn_simple_flora_water_e, layout_loops_ring,
          nicolae_kite_square_tiling_tiny, nrook_mini_backslash
D:2:      layout_basic, uniq_crazy_yiuf_cottage

Skill      XL: |  1  2  3  4 |
---------------+-------------+-----
Long Blades    | 2 |  2.6
Invocations    | 1 |  1.6
Armour         | 3 |  3.1
Dodging        | 1 |  1.2
Shields        | 3 |  3.0
Fighting       | |  3.4

Action                     |  1- 3 |  4- 6 || total
---------------------------+-------+-------++-------
  Melee: Long sword        |   136 |    31 ||   167
         Tailslap          |       |     5 ||     5
 Armour: Scale mail        |   125 |    18 ||   143
  Dodge: Dodged            |    63 |    10 ||    73
  Block: Buckler           |    36 |     9 ||    45

Table legend: (Time is in decaauts)
 A = Elapsed time spent in this place.
 B = Non-inter-level travel time spent in this place.
 C = Inter-level travel time spent in this place.
 D = Time resting spent in this place.
 E = Time spent auto-exploring this place.
 F = Levels seen in this place.
 G = Mean time per level.
                   A        B        C        D        E       F      G
               +--------+--------+--------+--------+--------+-----+--------+
         Total |   2026 |   1944 |     82 |     49 |   1515 |   2 | 1013.0 |
       Dungeon |   2026 |   1944 |     82 |     49 |   1515 |   2 | 1013.0 |
               +--------+--------+--------+--------+--------+-----+--------+

Top non-repeatable levels by time:
     D:2: 1038 daAuts
     D:1: 988 daAuts
